 Dungeon Crawl Stone Soup version 0.23-a0-313-gf30bb39 (webtiles) character file.

55 MatthieuS the Sneak (level 3, -3/23 HPs)
             Began as a Deep Elf Wanderer on Oct 12, 2018.
             Slain by a gnoll
             ... wielding a +0 halberd
              (6 damage)
             ... on level 2 of the Dungeon.
             The game lasted 00:05:11 (2230 turns).

MatthieuS the Sneak (Deep Elf Wanderer)             Turns: 2230, Time: 00:05:12

Health: -3/23      AC:  9    Str: 11    XL:     3   Next: 67%
Magic:  5/5        EV:  5    Int: 15    God:
Gold:   68         SH:  0    Dex: 14    Spells: 2/2 levels left

rFire    . . .     SeeInvis .   d - +0 dagger
rCold    . . .     Gourm    .   (no shield)
rNeg     . . .     Faith    .   q - +0 chain mail (curse)
rPois    .         Spirit   .   (no helmet)
rElec    .         Reflect  .   (no cloak)
rCorr    .         Harm     .   (no gloves)
MR       .....                  r - +0 pair of boots
Stlth    ..........             (no amulet)
HPRegen  0.07/turn              (no ring)
MPRegen  0.09/turn              (no ring)

@: no status effects
A: no striking features
a: no special abilities


You were on level 2 of the Dungeon.
You were not hungry.

You visited 1 branch of the dungeon, and saw 2 of its levels.

You collected 68 gold pieces.

Inventory:

Hand Weapons
 d - a +0 dagger (weapon)
Missiles
 g - 28 stones (quivered)
Armour
 c - a +0 robe
 l - a +0 scale mail
   (You found it on level 1 of the Dungeon)
 q - a cursed +0 chain mail (worn)
   (You found it on level 1 of the Dungeon)
 r - a +0 pair of boots (worn)
   (You found it on level 1 of the Dungeon)
Scrolls
 b - a scroll of fear {unknown}
 h - a scroll of remove curse {unknown}
 i - 2 scrolls of fog {unknown}
 k - a scroll of immolation {unknown}
 m - 2 scrolls of teleportation {unknown}
 n - 3 scrolls of identify {unknown}
 s - a scroll of enchant weapon {unknown}
Potions
 a - 2 potions of haste {@q3}
 f - a potion of curing {@q1}
 j - a potion of invisibility {unknown}
 p - a potion of heal wounds {unknown}
Comestibles
 e - a ration
 o - a chunk of flesh


   Skills:
 + Level 3.0 Fighting
 * Level 1.9 Short Blades
 - Level 1.0 Throwing
 - Level 2.0 Dodging
 - Level 3.0 Stealth
 - Level 2.4 Unarmed Combat


You had 2 spell levels left.
You didn't know any spells.
Your spell library was empty.

Dungeon Overview and Level Annotations

Branches:
Dungeon (2/15)

Altars:


Message History

The stone hits the worm but does no damage.
Throwing (i - inventory)
g - 33 stones (quivered)
Aim: a worm (lightly wounded)
You throw a stone. The stone hits the worm.
The worm bites you but does no damage.
You hit the worm. The worm bites you.
You hit the worm. You hit the worm. The worm bites you but does no damage.
You hit the worm. You hit the worm but do no damage.
The worm bites you but does no damage.
You hit the worm. You hit the worm. The worm bites you.
You barely miss the worm.
Some of the chunks of flesh in your inventory have rotted away.
Your chain mail prevents you from hitting the worm.
The worm barely misses you.
You hit the worm. You punch the worm. The worm bites you.
You completely miss the worm. You hit the worm but do no damage.
The worm bites you but does no damage.
You hit the worm. You hit the worm.
You kill the worm!
Your Fighting skill increases to level 3!
You start resting.
The gnoll is too close now for your liking.
Throwing (i - inventory)
g - 32 stones (quivered)
Aim: a gnoll, wielding a halberd (hasn't noticed you)
You throw a stone. The stone barely misses the gnoll.
Throwing (i - inventory)
g - 31 stones (quivered)
Aim: a gnoll, wielding a halberd You throw a stone.
The stone hits the gnoll but does no damage.
Throwing (i - inventory)
g - 30 stones (quivered)
Aim: a gnoll, wielding a halberd You throw a stone.
The stone barely misses the gnoll.
The gnoll barely misses you.
Throwing (i - inventory)
g - 29 stones (quivered)
Aim: a gnoll, wielding a halberd You throw a stone.
The stone completely misses the gnoll.
The gnoll closely misses you.
You completely miss the gnoll. The gnoll hits you with a halberd.
* * * LOW HITPOINT WARNING * * *
You hit the gnoll. The gnoll hits you with a halberd!
* * * LOW HITPOINT WARNING * * *
Your chain mail prevents you from hitting the gnoll.
Unknown command.
You hit the gnoll. The gnoll barely misses you.
Unknown command.
You hit the gnoll but do no damage. The gnoll hits you with a halberd.
You die...

#.# #.# ((.
#.# #(##
#<##### #(.#
#...... #(.#
.. #.#####
#..# .# #.#
#(.##.#
#.#####
#g.##.#
#.#....
#@..#.#
..#.#....
#.#.#.#
#..#.#####
#.#...# #..#.
# #.##..# #..#
# #.##..# #..#
##
#.###.###..#
#. #.#
#..##..###.##.
#.#
#.........[##.
#.#
#...#..######.


You could see a gnoll.

Vanquished Creatures
  An adder (D:1)
  An ooze (D:1)
  A worm (D:2)
  A dart slug (D:1)
  A giant cockroach (D:1)
  5 hobgoblins
  10 jackals (D:1)
  A ball python (D:1)
  3 bats (D:1)
  5 frilled lizards (D:1)
  3 kobolds (D:1)
  5 rats
37 creatures vanquished.

Notes
Turn   | Place    | Note
-------+----------+-------------------------------------------
     0 | D:1      | MatthieuS the Deep Elf Wanderer began the quest for the
                  | Orb.
     0 | D:1      | MatthieuS set off with: 2 potions of haste {@q3}, 2 potions
                  | of curing {@q1}, a +0 robe, a +0 dagger, a ration
     0 | D:1      | Reached XP level 1. HP: 13/13 MP: 3/3
   595 | D:1      | Reached XP level 2. HP: 5/18 MP: 4/4
  1459 | D:1      | Reached skill level 1 in Short Blades
  1470 | D:1      | Reached XP level 3. HP: 22/22 MP: 5/5
  2230 | D:2      | Slain by a gnoll

Vault maps used:
D:1:      arrival_zaba_pyramid
D:2:      chequers_ecumenical_altar_island, st_stairs_11

Skill      XL: |  1  2  3 |
---------------+----------+-----
Dodging        | 2 |  2.0
Stealth        | 3 |  3.0
Short Blades   | 1 |  1.9
Fighting       | 3 |  3.0
Throwing       | |  1.0
Unarmed Combat | |  2.4

Action                   || total
-------------------------++-------
Melee: Dagger            ||   218
       Punch             ||     4
Throw: Stone             ||    46
  Use: Potion            ||     2
 Stab: Sleeping          ||     1
  Eat: Chunk             ||     4
Armor: Robe              ||    12
       Scale mail        ||    38
       Chain mail        ||    47
Dodge: Dodged            ||   103

Table legend:
 A = Non-vault XP
 B = Vault XP
 C = Vault XP percentage of total XP
 D = Non-vault monster count
 E = Vault monster count
 F = Vault count percentage of total count
                 A         B        C        D         E       F
            +---------+---------+-------+---------+---------+-------
      Total |      66 |      13 |  16.5 |      36 |       1 |   2.7
            +---------+---------+-------+---------+---------+-------
        D:1 |      57 |      13 |  18.6 |      32 |       1 |   3.0
        D:2 |       9 |       0 |   0.0 |       4 |       0 |   0.0
            +---------+---------+-------+---------+---------+-------
